 Dungeon Crawl Stone Soup version 0.28-a0-661-g144af121cd (webtiles) character file.

Game seed: 12704073185347932427

6539 KristoblXynda the Slicer (level 11, -19/67 HPs)
             Began as a Kobold Gladiator on Oct 14, 2021.
             Was a Priest of Okawaru.
             Killed from afar by a deep elf pyromancer (38 damage)
             ... with a bolt of fire
             ... on level 7 of the Dungeon.
             The game lasted 00:16:12 (9209 turns).

KristoblXynda the Slicer (Kobold Gladiator)         Turns: 9209, Time: 00:16:12

Health: -19/67     AC: 16    Str: 18    XL:     11   Next: 20%
Magic:  13/13      EV: 21    Int: 13    God:    Okawaru [***...]
Gold:   1143       SH:  0    Dex: 21    Spells: 8/10 levels left

rFire   . . .      SeeInvis +   s - +2 short sword (freeze)
rCold   + + .      Faith    .   (shield restricted)
rNeg    . . .      Spirit   .   y - +1 acid dragon scales
rPois   .          Reflect  .   c - +1 helmet
rElec   .          Harm     .   d - +1 cloak of the Last Eyes {Int+4 Dex+3}
rCorr   +          Rampage  .   (no gloves)
Will    .....                   n - +2 pair of boots {Stlth+}
Stlth   ++++++....              u - amulet of Elyvilon's Outrage {RegenMP Str+4 SInv}
HPRegen 0.21/turn               j - ring of protection from cold
MPRegen 0.38/turn               a - ring of protection from cold

@: about to teleport, studying 2 skills
A: small, no large weapons, nightstalker 3
a: Renounce Religion, Heroism


You were on level 7 of the Dungeon.
You worshipped Okawaru.
Okawaru was most pleased with you.
You visited 2 branches of the dungeon, and saw 8 of its levels.
You also visited: Ossuary.

You collected 1363 gold pieces.
You spent 220 gold pieces at shops.

Inventory:

Hand Weapons
 f - a +1 short sword of holy wrath
 s - a +2 short sword of freezing (weapon)
Armour
 c - a +1 helmet (worn)
 d - the +1 cloak of the Last Eyes (worn) {Int+4 Dex+3}
   (You acquired it on level 7 of the Dungeon)

   Int:       It affects your intelligence (+4).
   Dex:       It affects your dexterity (+3).
 n - a +2 pair of boots of stealth (worn)
 y - +1 acid dragon scales (worn)
Jewellery
 a - a ring of protection from cold (right hand)
 j - a ring of protection from cold (left hand)
 o - a ring of resist corrosion
 u - the amulet of Elyvilon's Outrage (around neck) {RegenMP Str+4 SInv}
   (You bought it in a shop on level 2 of the Dungeon)

   [amulet of magic regeneration]

   It increases your rate of magic regeneration.
   Str:       It affects your strength (+4).
   SInv:      It lets you see invisible.
Wands
 k - a wand of digging (3)
Scrolls
 e - 3 scrolls of magic mapping
 h - 2 scrolls of amnesia {unknown}
 i - 3 scrolls of immolation
 l - a scroll of enchant weapon {unknown}
 p - 4 scrolls of teleportation
 r - a scroll of enchant armour
 D - a scroll of blinking
Potions
 g - a potion of resistance
 q - a potion of attraction {unknown}
 t - a potion of berserk rage {unknown}
 v - 2 potions of ambrosia
 w - a potion of magic {unknown}
 z - a potion of lignification {unknown}
 A - a potion of heal wounds
 C - 3 potions of curing
 E - a potion of haste {unknown}
 G - a potion of might {unknown}


   Skills:
 - Level 7.2 Fighting
 + Level 10.9 Short Blades
 - Level 2.1 Throwing
 - Level 5.1 Armour
 + Level 9.6 Dodging
 + Level 10.2 Stealth
 + Level 3.9 Invocations
 + Level 5.3 Evocations


You had 8 spell levels left.
You knew the following spells:

 Your Spells              Type           Power      Damage    Failure   Level
a - Blink                 Tloc           N/A        N/A       52%         2

Your spell library contained the following spells:

 Spells                   Type           Power      Damage    Failure   Level
 Pain                     Necr           0%         1d4       36%         1
 Sting                    Tmut/Pois      0%         1d3       36%         1
 Ensorcelled Hibernation  Hex/Ice        0%         N/A       52%         2
 Poisonous Vapours        Pois/Air       0%         N/A       52%         2
 Lesser Beckoning         Tloc           0%         N/A       75%         3
 Ozocubu's Armour         Ice            0%         N/A       75%         3
 Stone Arrow              Conj/Erth      0%         3d7       75%         3
 Olgreb's Toxic Radiance  Pois           0%         N/A       98%         4
 Agony                    Necr           0%         N/A       100%        5
 Excruciating Wounds      Necr           0%         N/A       100%        5
 Manifold Assault         Tloc           0%         N/A       100%        5
 Ozocubu's Refrigeration  Ice            0%         4d5       100%        7
 Lehudib's Crystal Spear  Conj/Erth      0%         10d2      100%        8
 Summon Small Mammal      Summ           Unusable   N/A       N/A         1
 Call Canine Familiar     Summ           Unusable   N/A       N/A         3
 Summon Guardian Golem    Hex/Summ       Unusable   N/A       N/A         3
 Animate Armour           Summ/Erth      Unusable   N/A       N/A         4

Dungeon Overview and Level Annotations

Branches:
Dungeon (7/15)             Temple (1/1) D:6         Ossuary (visited)

Altars:
Ashenzari
Cheibriados
Dithmenos
Elyvilon
Fedhas
Gozag
Hepliaklqana
Kikubaaqudgha
Okawaru
Qazlal
Ru
Sif Muna
Trog
Uskayaw
Vehumet
Wu Jian
Xom
Yredelemnul
Zin

Shops:
D:2 *   D:3 (


Innate Abilities, Weirdness & Mutations

You are small and have problems with some larger weapons.
You are completely attuned to the shadows.


Message History

A deep elf pyromancer comes into view.
It is wielding the +14 obsidian axe {vorpal, Mesm Drain Fly SInv}.
You barely miss the gnoll sergeant. The gnoll sergeant misses you.
The deep elf pyromancer mumbles some strange words.
You hear an angry growl.
You hear an angry buzzing noise.
You puncture the gnoll sergeant! You freeze the gnoll sergeant.
The gnoll sergeant is moderately wounded.
You hear a roar!
You hit the gnoll sergeant. You freeze the gnoll sergeant.
The gnoll sergeant is heavily wounded.
The gnoll sergeant completely misses you.
You hit the gnoll sergeant. You freeze the gnoll sergeant.
The gnoll sergeant is severely wounded.
You hit the gnoll sergeant but do no damage.
The gnoll sergeant is severely wounded.
The gnoll sergeant hits you but does no damage.
You closely miss the gnoll sergeant.
The gnoll sergeant is severely wounded.
The gnoll sergeant closely misses you.
The deep elf pyromancer hits you with the +14 obsidian axe {vorpal, Mesm Drain Fly SInv}.
You hit the gnoll sergeant. You freeze the gnoll sergeant.
The gnoll sergeant is severely wounded.
The deep elf pyromancer points at you and mumbles some strange words.
The sticky flame hits you but does no damage.
You are covered in liquid flames!
The gnoll sergeant hits you but does no damage.
You are covered in liquid flames!
You see here a +0 club.
You are covered in liquid flames!
You are covered in liquid flames!
* * * LOW HITPOINT WARNING * * *
You are no longer on fire.
As you read the scroll of teleportation, it crumbles to dust.
You feel strangely unstable.
Unknown command.
The deep elf pyromancer points at you and mumbles some strange words.
The sticky flame misses you.
The deep elf pyromancer casts a spell at you.
The bolt of fire hits you!!!
Ouch! That really hurt!
You die...

#..........###.#####
####.......# #.# #.#.....#
#.# ######## #####
#.....#.###.# #......##
....#
##.........#.#####.......)
###.#
##..#######..>##.†....###.#
....###..##
#...##..##.##..##....
.##.##..##
##.#..##.......##...#.
###.##.##
#..##@.#########..##.#
....##.# ##...#...#....
.##... _...##.#
#..).##.e#..## # #...
....##.# #..#).#.g.).(#.#
#.). ##.....#
##....#..###...# #...
.......# ..#...##..# #...#
.##... .#.....##..##..#..##
#.### ..##)#
.#......##..#.##.# .#.
#...#. .......(##...# # #
##....


You could see a deep elf pyromancer and a gnoll sergeant.

Vanquished Creatures
  A boulder beetle (D:7)
  Pikel (D:7)
  2 cyclopes (D:7)
  A gargoyle (D:6)
  Maggie (D:7)
  A slime creature (D:6)
  Sigmund (D:2)
  A human (shapeshifter) (D:7)
  A steam dragon (D:6)
  Menkaure (D:4)
  A water moccasin (D:7)
  2 orc warriors
  3 sky beasts (D:7)
  2 black bears
  2 ice beasts
  2 ogres
  3 centaurs
  2 phantoms
  A bullfrog (D:7)
  A scorpion (D:7)
  A gnoll sergeant (D:7)
  A wyvern skeleton (D:7)
  5 killer bees (D:4)
  3 wights (D:7)
  A centaur zombie (D:5)
  4 hounds
  8 jellies
  Crazy Yiuf (D:7)
  An orc priest (D:3)
  4 centaur skeletons
  Jessica (D:2)
  4 iguanas
  5 orc wizards
  A killer bee zombie (D:7)
  A hound skeleton (D:5)
  9 mummies
  A gnoll (D:7)
  10 adders
  A white imp (D:7)
  An adder skeleton (D:4)
  2 worms (D:5)
  3 dart slugs
  21 orcs
  5 ball pythons
  20 endoplasms
  14 giant cockroaches
  4 goblins
  9 hobgoblins
  9 jackals
  5 kobolds
  10 quokkas
  7 bats
  A frilled lizard (D:2)
  5 hobgoblin zombies (Ossuary)
  2 kobold zombies (Ossuary)
  An orc zombie (Ossuary)
  3 rats
214 creatures vanquished.

Vanquished Creatures (collateral kills)
  The ghost of kuniqs the Chopper, an amateur MiGl (D:4)
1 creature vanquished.

Vanquished Creatures (others)
  5 fungi (D:6)
5 creatures vanquished.

Grand Total: 220 creatures vanquished

Notes
Turn   | Place    | Note
-------+----------+-------------------------------------------
     0 | D:1      | KristoblXynda the Kobold Gladiator began the quest for the
                  | Orb.
     0 | D:1      | Reached XP level 1. HP: 12/12 MP: 1/1
   259 | D:1      | Reached XP level 2. HP: 18/18 MP: 2/2
   575 | D:1      | Reached XP level 3. HP: 22/22 MP: 3/3
   633 | D:1      | Reached skill level 1 in Armour
  1082 | D:2      | Found Dydaoc's Assorted Antiques.
  1127 | D:2      | Reached skill level 1 in Stealth
  1193 | D:2      | Noticed Sigmund
  1216 | D:2      | Killed Sigmund
  1217 | D:2      | Reached skill level 5 in Short Blades
  1217 | D:2      | Reached XP level 4. HP: 27/28 MP: 4/4
  1217 | D:2      | Reached XP level 5. HP: 31/32 MP: 5/5
  1217 | D:2      | Reached XP level 6. HP: 36/37 MP: 6/6
  1418 | D:2      | Found a faded altar of an unknown god.
  1637 | D:2      | Noticed Jessica
  1642 | D:2      | Killed Jessica
  1698 | D:2      | Got Jessica's Handbook of Malediction
  2330 | D:3      | Found Dofei's Antique Weapon Shoppe.
  2485 | D:3      | Found a bloodstained altar of Trog.
  2549 | D:3      | Reached skill level 5 in Dodging
  2809 | D:3      | Reached XP level 7. HP: 40/42 MP: 7/7
  2958 | D:4      | Found a runed translucent door.
  3038 | D:4      | Noticed Menkaure
  3083 | D:4      | Killed Menkaure
  3631 | D:4      | Reached XP level 8. HP: 48/48 MP: 8/8
  3672 | D:4      | Reached skill level 5 in Stealth
  4381 | D:4      | Found a runed translucent door.
  4388 | D:4      | Noticed kuniqs's ghost (amateur MiGl)
  4397 | D:4      | Reached skill level 5 in Fighting
  4420 | D:4      | Killed kuniqs's ghost
  4841 | D:5      | Entered Level 5 of the Dungeon
  4941 | D:5      | Reached XP level 9. HP: 54/54 MP: 9/9
  5054 | D:2      | Bought an agate ring for 110 gold pieces
  5054 | D:2      | Bought a scorched steel amulet for 110 gold pieces
  5054 | D:2      | Identified the amulet of Elyvilon's Outrage {RegenMP Str+4
                  | SInv} (You bought it in a shop on level 2 of the Dungeon)
  5585 | D:5      | Found a shimmering altar of Xom.
  5724 | D:6      | Found a sand-covered staircase.
  5731 | Ossuary  | Entered an ossuary
  5957 | Ossuary  | Learned a level 2 spell: Blink
  6187 | D:6      | Found a basalt altar of Yredelemnul.
  6265 | D:6      | Noticed a slime creature
  6287 | D:6      | Noticed a gargoyle
  6599 | D:6      | Found a staircase to the Ecumenical Temple.
  6607 | Temple   | Entered the Ecumenical Temple
  6874 | Temple   | Became a worshipper of Warmaster Okawaru
  7112 | D:6      | Killed a slime creature
  7345 | D:6      | Killed a gargoyle
  7346 | D:6      | Reached XP level 10. HP: 36/61 MP: 10/10
  7352 | D:6      | Reached * piety under Okawaru
  7612 | D:7      | Found an ancient bone altar of Kikubaaqudgha.
  7671 | D:7      | Noticed Pikel
  7691 | D:7      | Killed Pikel
  7692 | D:7      | Reached skill level 5 in Armour
  7705 | D:7      | Noticed a boulder beetle
  7831 | D:7      | Noticed Maggie
  7835 | D:7      | Killed Maggie
  7836 | D:7      | Reached skill level 1 in Invocations
  7836 | D:7      | Reached skill level 1 in Evocations
  8075 | D:7      | Found a runed translucent door.
  8078 | D:7      | Noticed Crazy Yiuf
  8083 | D:7      | Killed Crazy Yiuf
  8227 | D:7      | Killed a boulder beetle
  8227 | D:7      | Reached ** piety under Okawaru
  8660 | D:7      | Identified 4 scrolls of acquirement
  8660 | D:7      | Acquired a manual of Short Blades
  8664 | D:7      | Acquired a manual of Evocations
  8668 | D:7      | Acquired 730 gold pieces
  8672 | D:7      | Acquired the +1 cloak of the Last Eyes {Int+4 Dex+3}
  8709 | D:7      | Found a glowing silver altar of Zin.
  8733 | D:7      | Reached skill level 10 in Short Blades
  8788 | D:7      | Noticed a kobold demonologist
  8811 | D:7      | a kobold demonologist changed into a shapeshifter
  8812 | D:7      | Noticed a harpy
  8812 | D:7      | a shapeshifter changed into a harpy
  8818 | D:7      | a harpy changed into a human
  8822 | D:7      | Reached *** piety under Okawaru
  8823 | D:7      | Reached XP level 11. HP: 45/67 MP: 13/13
  8896 | D:7      | Noticed a cyclops
  8915 | D:7      | Killed a cyclops
  9100 | D:7      | Reached skill level 10 in Stealth
  9171 | D:7      | Noticed a cyclops
  9187 | D:7      | Killed a cyclops
  9188 | D:7      | Reached skill level 5 in Evocations
  9194 | D:7      | Noticed a deep elf pyromancer
  9209 | D:7      | Killed from afar by a deep elf pyromancer

Illustrated notes

Levels and vault maps discovered:
D:1:      elethiomel_arrival_quiet, layout_rooms, skrybe_limestone_x
D:2:      layout_basic, shapermc_ecumenical_altar_starsandcircs, serial_shops,
          shop, hangedman_decor_points, kennysheep_jessica_study, uniq_sigmund
D:3:      minmay_roachtagon, layout_loops_ring, trog_butcher_becter,
          serial_shops, shop
D:4:      kennysheep_big_flooded_room, layout_basic, ebering_ghost_sewer_f,
          uniq_menkaure
D:5:      layout_basic, tgw_xom, amcnicky_mini_pool_medium
D:6:      lemuel_slime, layout_basic, yredelemnul_altar_generic,
          minmay_temple_entry_junction, gup_ossuary_entry_pyramid
D:7:      minmay_the_grid_octo_tiled_octocenter [minmay_the_grid_octo_chip,
          minmay_the_grid_octo_vomiting_pacman, minmay_the_grid_octo_pinwheel,
          minmay_the_grid_octo_odd_swirl, minmay_the_grid_octo_prize_star,
          minmay_the_grid_square_5x5_empty, minmay_the_grid_square_5x5_z,
          minmay_the_grid_square_5x5_tetrominoes,
          minmay_the_grid_square_5x5_inset], layout_loops_cross,
          tgw_kikubaaqudgha, uniq_crazy_yiuf_cottage, uniq_pikel, uniq_maggie
Temple:   dpeg_chambers_temple

Skill      XL: |  1  2  3  4  5  6  7  8  9 10 11 |
---------------+----------------------------------+-----
Dodging        | 4 5 6 8 9 |  9.6
Armour         | 1 2 3 4 5 |  5.1
Stealth        | 2 3 4 6 8 9 10 | 10.2
Fighting       | 3 4 5 6 7 |  7.2
Short Blades   | 5 6 7 8 10 | 10.9
Invocations    | 3 |  3.9
Evocations     | 3 5 |  5.3
Throwing       | |  2.1

Action                   |  1- 3 |  4- 6 |  7- 9 | 10-12 || total
-------------------------+-------+-------+-------+-------++-------
Melee: Rapier            |    67 |       |       |       ||    67
       Dagger            |    18 |    79 |     9 |       ||   106
       Short sword       |       |       |   350 |   273 ||   623
       Punch             |       |       |       |     1 ||     1
Throw: Throwing net      |     3 |       |     3 |     2 ||     8
Invok: Heroism           |       |       |       |     1 ||     1
Evoke: Wand              |       |       |     2 |     6 ||     8
  Use: Potion            |     1 |       |     3 |     1 ||     5
       Scroll            |       |       |    13 |     7 ||    20
 Stab: Sleeping          |     8 |    23 |    27 |     6 ||    64
       Invisible         |       |       |     5 |     3 ||     8
       Distracted        |       |       |     1 |     1 ||     2
       Held in net/web   |       |       |     1 |       ||     1
       Paralysed         |       |       |       |     2 ||     2
Armor: Leather armour    |    19 |     7 |    58 |     2 ||    86
       Acid dragon scale |       |       |       |    41 ||    41
Dodge: Dodged            |    54 |    37 |   230 |   155 ||   476

Table legend: (Time is in decaauts)
 A = Elapsed time spent in this place.
 B = Non-inter-level travel time spent in this place.
 C = Inter-level travel time spent in this place.
 D = Time resting spent in this place.
 E = Time spent auto-exploring this place.
 F = Levels seen in this place.
 G = Mean time per level.
                   A        B        C        D        E       F      G
               +--------+--------+--------+--------+--------+-----+--------+
         Total |   8987 |   8535 |    452 |   2128 |   4556 |   9 |  998.6 |
       Dungeon |   8281 |   7864 |    417 |   1974 |   4182 |   7 | 1183.0 |
        Temple |    291 |    256 |     35 |      0 |    237 |   1 |  291.0 |
       Ossuary |    413 |    413 |      0 |    154 |    137 |   1 |  413.0 |
               +--------+--------+--------+--------+--------+-----+--------+

Top non-repeatable levels by time:
     D:4: 1567 daAuts
     D:7: 1508 daAuts
     D:3: 1324 daAuts
     D:2: 1060 daAuts
     D:1: 1006 daAuts
     D:6: 962 daAuts
     D:5: 852 daAuts
 Ossuary: 413 daAuts
  Temple: 291 daAuts
